 Dungeon Crawl Stone Soup version 0.28.0-53-g5a82cb258f (webtiles) character file.

Game seed: 4643947553801190943

83 jjjjhere the Ruffian (level 4, -27/40 HPs)
             Began as a Ghoul Fighter on Sept 2, 2022.
             Was a High Priest of Ignis.
             Killed from afar by Ijyb (34 damage)
             ... with a bolt of acid
             ... on level 3 of the Dungeon.
             The game lasted 00:02:45 (2510 turns).

jjjjhere the Ruffian (Ghoul Fighter)                Turns: 2510, Time: 00:02:46

Health: -27/40     AC:  6    Str: 19    XL:     4   Next: 44%
Magic:  3/3        EV:  9    Int:  5    God:    Ignis [*****.]
Gold:   68         SH:  4    Dex:  8    Spells: 3/3 levels left

rFire   + . .      SeeInvis .     - Unarmed
rCold   + . .      Faith    .   b - +0 buckler
rNeg    + + +      Spirit   .   a - +0 scale mail
rPois   ∞          Reflect  .   (no helmet)
rElec   .          Harm     .   (no cloak)
rCorr   .          Rampage  .   (no gloves)
Will    .....                   (no boots)
Stlth   ..........              (no amulet)
HPRegen 0.00/turn               (no ring)
MPRegen 0.08/turn               (no ring)

@: inhibited regen
A: claws 1, cold resistance 1, negative energy resistance 3, inhibited
regeneration, torment resistance 2
a: Renounce Religion, Fiery Armour, Foxfire Swarm, Rising Flame


You were on level 3 of the Dungeon.
You worshipped Ignis.
Ignis was extremely pleased with you.
You visited 1 branch of the dungeon, and saw 3 of its levels.

You collected 68 gold pieces.

Inventory:

Armour
 a - a +0 scale mail (worn)
 b - a +0 buckler (worn)
Wands
 m - a wand of digging (3)
Scrolls
 d - 2 scrolls of teleportation {unknown}
 f - 2 scrolls of enchant armour {unknown}
 j - a scroll of fear {unknown}
 k - 2 scrolls of blinking {unknown}
 l - a scroll of fog {unknown}
 o - a scroll of enchant weapon {unknown}
Potions
 c - a potion of might
 e - 2 potions of heal wounds {unknown}
 g - a potion of curing {unknown}
 h - 2 potions of magic {unknown}
 i - 2 potions of attraction {unknown}
 n - a potion of invisibility {unknown}


   Skills:
 + Level 4.1 Fighting
 - Level 2.6 Armour
 - Level 2.6 Shields
 * Level 4.3 Unarmed Combat


You had 3 spell levels left.
You didn't know any spells.
Your spell library was empty.

Dungeon Overview and Level Annotations

Branches:
Dungeon (3/15)

Altars:
Ignis

Shops:
D:2 (

Annotations:
D:3 Ijyb


Innate Abilities, Weirdness & Mutations

You thrive by killing the living.
You are immune to poison.
You have sharp fingernails.
Your flesh is cold resistant. (rC+)
You are immune to negative energy. (rN+++)
You do not regenerate when monsters are visible.
You are immune to unholy pain and torment.


Message History

A bat is nearby!
The bat hits you but does no damage. The bat closely misses you.
You scratch the bat.
The bat is severely wounded.
You block the bat's attack. The bat barely misses you.
You scratch the bat.
You kill the bat!
No target in view!
o - a scroll labelled XEIVVUE PEUXE A goblin comes into view.
It is wielding a +0 club.
The goblin shouts!
You hear an angry hiss.
You miss the goblin. The goblin barely misses you.
You closely miss the goblin. You block the goblin's attack.
You scratch the goblin.
The goblin is severely wounded.
You block the goblin's attack.
You scratch the goblin.
You kill the goblin!
No target in view!
A ball python comes into view.
Things that are here:
a +0 club; a goblin corpse A ball python is nearby!
The ball python hisses angrily.
The ball python bites you but does no damage.
The ball python barely misses you.
You scratch the ball python.
You kill the ball python!
No target in view!
Key pressed, stopping explore.
Ijyb the Twisted Goblin comes into view.
She is wielding a +0 club and carrying a wand of acid (6).
Ijyb moves out of view.
No target in view!
Ijyb zaps a wand.
The bolt of acid hits you!!!
Ouch! That really hurt!
* * * LOW HITPOINT WARNING * * *
Okay, then.
Ijyb zaps a wand.
The bolt of acid hits you!!
Ouch! That really hurt!
You die...

#....###.#.#........##.#......#.#
#..............).##........#.#
#.##.##...#.##...####......#.#
#.##.##...#.##...# ######....
#.##............##### #...#
#.........#.#####...# #..>#
#.##...#.g#.# ##...######.#.#
#.##...#....####..............
###.##...##.##.@.............###
#...................#.##..####
###.##############........#
#.##############....##..#
#.......................#
################..<.....#
#.......## ####.##.# #.# .#


You could see Ijyb.

Vanquished Creatures
  2 adders (D:3)
  3 worms
  2 dart slugs (D:1)
  6 ball pythons
  An endoplasm (D:1)
  4 giant cockroaches
  3 goblins
  5 hobgoblins
  4 jackals (D:1)
  5 kobolds
  2 quokkas (D:1)
  5 bats
  2 frilled lizards
  4 rats
48 creatures vanquished.

Notes
Turn   | Place    | Note
-------+----------+-------------------------------------------
     0 | D:1      | jjjjhere the Ghoul Fighter began the quest for the Orb.
     0 | D:1      | Reached XP level 1. HP: 19/19 MP: 0/0
   172 | D:1      | Reached XP level 2. HP: 15/26 MP: 1/1
   901 | D:1      | Reached XP level 3. HP: 30/33 MP: 2/2
  1122 | D:1      | Found a faded altar of an unknown god.
  1131 | D:1      | Prayed at the altar of an unknown god.
  1131 | D:1      | Became a worshipper of Ignis, the Dying Flame
  1296 | D:2      | Found Gakkos's Weapon Boutique.
  2305 | D:3      | Reached XP level 4. HP: 38/40 MP: 3/3
  2477 | D:3      | Noticed Ijyb
  2478 | D:3      | HP: 4/40 [Ijyb/bolt of acid (36)]
  2510 | D:3      | Killed from afar by Ijyb

Illustrated notes

Levels and vault maps discovered:
D:1:      dpeg_arrival_rhombus, layout_loops_ring,
          dreamdust_ecumenical_altar_hidden_monk_grotto
D:2:      layout_loops_corners, serial_shops, shop, minmay_misc_feat_square,
          skrybe_limestone_x
D:3:      layout_basic, uniq_jessica, uniq_ijyb

Skill      XL: |  1  2  3 |
---------------+----------+-----
Unarmed Combat | 3 4 |  4.3
Fighting       | 4 |  4.1
Armour         | |  2.6
Shields        | |  2.6

Action                   |  1- 3 |  4- 6 || total
-------------------------+-------+-------++-------
Melee: Unarmed           |   154 |    34 ||   188
Armor: Scale mail        |    54 |    11 ||    65
Dodge: Dodged            |    68 |    21 ||    89
Block: Buckler           |    22 |    11 ||    33
